 Dungeon Crawl Stone Soup version 0.22.0-18-ge075c0d (webtiles) character file.

3442 Amnesiac the Archer (level 9, -4/74 HPs)
             Began as a Mummy Hunter on Aug 18, 2018.
             Was a Priest of Okawaru.
             Slain by a yak (11 damage)
             ... on level 9 of the Dungeon.
             The game lasted 00:12:13 (8034 turns).

Amnesiac the Archer (Mummy Hunter)                  Turns: 8034, Time: 00:12:14

Health: -4/74      AC:  9    Str: 19    XL:     9   Next: 77%
Magic:  9/9        EV:  8    Int: 10    God:    Okawaru [***...]
Gold:   344        SH:  0    Dex: 12    Spells: 8/8 levels left

rFire    x . .     SeeInvis .   a - +2 shortbow
rCold    + + .     Gourm    .   (shield currently unavailable)
rNeg     + + +     Faith    .   l - +0 chain mail
rPois    ∞         Spirit   .   (no helmet)
rElec    .         Reflect  .   (no cloak)
rCorr    .         Harm     .   (no gloves)
MR       +....                  o - +0 pair of boots
Stlth    ..........             (no amulet)
HPRegen  0.22/turn              (no ring)
MPRegen  0.11/turn              q - ring of protection from cold

@: about to teleport, very slightly contaminated
A: no food or potions, fire vulnerability, cold resistance 1, negative energy
resistance 3, torment resistance, unbreathing
a: Heroism, Renounce Religion


You were on level 9 of the Dungeon.
You worshipped Okawaru.
Okawaru was most pleased with you.
You were not hungry.

You visited 1 branch of the dungeon, and saw 9 of its levels.

You collected 344 gold pieces.

Inventory:

Hand Weapons
 a - a +2 shortbow (weapon)
 b - a +2 dagger of electrocution
 w - a +2 dagger of venom
Missiles
 d - 74 arrows (quivered)
Armour
 l - a +0 chain mail (worn)
 o - a +0 pair of boots (worn)
Jewellery
 q - a ring of protection from cold (right hand)
 s - the ring "Nayw Nig" {*Tele MR- Str+2 Dex+6}
   (You found it on level 7 of the Dungeon)

   [ring of teleportation]

   It may teleport you next to monsters.
   It affects your strength (+2).
   It affects your dexterity (+6).
   It affects your resistance to hostile enchantments.
Wands
 c - a wand of iceblast (9)
 i - a wand of disintegration (13)
 n - a wand of random effects (22)
Scrolls
 e - 2 scrolls of enchant weapon {!r}
 f - 5 scrolls of remove curse {!r}
 g - a scroll of immolation {!r}
 h - 8 scrolls of identify {!r}
 j - 2 scrolls of fog {!r, unknown}
 k - 4 scrolls of teleportation {!r}
 p - a scroll of random uselessness {!r}
 r - 2 scrolls of fear {!r, unknown}
 t - a scroll of acquirement {!r, unknown}


   Skills:
 + Level 8.2 Fighting
 * Level 10.0 Bows
 - Level 2.5 Dodging
 - Level 0.7 Stealth


You had 8 spell levels left.
You didn't know any spells.
Your spell library was empty.

Dungeon Overview and Level Annotations

Branches:
Dungeon (9/15)             Temple (0/1) D:5
   Lair: D:8-11         Orc: D:9-12

Altars:
Ashenzari
Dithmenos
Fedhas
Gozag
Okawaru
Qazlal
Ru
Uskayaw
Xom
Yredelemnul

Shops:
D:5 [((   D:6 =   D:8 :


Innate Abilities, Weirdness & Mutations

You do not eat or drink.
Your flesh is vulnerable to fire.
You are immune to poison.
Your flesh is cold resistant. (rC+)
You are immune to negative energy. (rN+++)
You are immune to unholy pain and torment.
You can survive without breathing.


Message History

The yak gores you. The yak gores you!
The yak gores you but does no damage. x2
You open the door. The yak barely misses you. The yak gores you!
* * * LOW HITPOINT WARNING * * *
Really read
m - a scroll of blinking {!r}?
Blink to where?
Press: ? - help, Dir - move target cursor, p - yak You are very lightly contaminated with residual magic.
As you read the scroll of blinking {!r}, it crumbles to dust.
You gain the combat prowess of a mighty hero.
Firing (i - inventory)
d - 80 arrows (quivered)
Press: ? - help, Shift-Dir - straight line, f - scorpion
Aim: a scorpion You shoot an arrow.
The arrow hits the scorpion!
The scorpion is heavily wounded.
The scorpion stings you but does no damage.
Unknown command.
Firing (i - inventory)
d - 79 arrows (quivered)
Press: ? - help, Shift-Dir - straight line, f/p - scorpion
Aim: a scorpion (heavily wounded)
You shoot an arrow. The arrow hits the scorpion.
The scorpion is severely wounded.
The scorpion closely misses you.
Unknown command.
Firing (i - inventory)
d - 78 arrows (quivered)
Press: ? - help, Shift-Dir - straight line, f/p - scorpion
Aim: a scorpion (severely wounded)
You shoot an arrow. The arrow hits the scorpion!
You kill the scorpion!
Okawaru accepts your kill.
Unknown command.
Firing (i - inventory)
d - 77 arrows (quivered)
Press: ? - help, Shift-Dir - straight line, f - yak
Aim: a yak You shoot an arrow.
The arrow barely misses the yak.
The arrow hits the yak.
The yak is lightly wounded.
The yak gores you!
* * * LOW HITPOINT WARNING * * *
Unknown command.
Firing (i - inventory)
d - 76 arrows (quivered)
Press: ? - help, Shift-Dir - straight line, f/p - yak
Aim: a yak You shoot an arrow.
The arrow hits the yak.
The yak is lightly wounded.
Unknown command.
Firing (i - inventory)
d - 75 arrows (quivered)
Press: ? - help, Shift-Dir - straight line, f/p - yak
Aim: a yak (lightly wounded)
You shoot an arrow. The arrow hits the yak.
The yak is lightly wounded.
The yak gores you but does no damage.
Unknown command.
The yak completely misses you. The yak gores you!
* * * LOW HITPOINT WARNING * * *
Okay, then.
You feel like a meek peon again. The yak gores you!
* * * LOW HITPOINT WARNING * * *
Really read
k - 5 scrolls of teleportation {!r}?
As you read the scroll of teleportation {!r}, it crumbles to dust.
You feel strangely unstable. The yak gores you!
You die...

#################################
................@Y....Y..........
%.......).###..###Y.###Y.#####...
##..#.....# #.......# #...YY..Y..
#..#.....###.......# #.......YY.
##............#####)# #.#######Y.
.........###'##...#.# #.# ...#..
......##[#........#.# #.# ...#..
#+#......#...##...#.. ..# #..#Y#
#......#...##'######### #..#(#


You could see 4 yaks.

Vanquished Creatures
  Sigmund (D:6)
  Edmund (D:5)
  Duvessa (D:7)
  2 orc warriors
  A hornet zombie (D:7)
  2 sky beasts
  A black bear (D:8)
  2 phantoms
  3 ogres
  A centaur (D:8)
  5 bullfrogs
  Blork the orc (D:5)
  Dowan (D:7)
  5 scorpions
  3 killer bees (D:8)
  2 howler monkeys
  2 bullfrog zombies
  A crimson imp (D:5)
  2 hounds
  3 jellies
  8 orc priests
  A bullfrog skeleton (D:9)
  A centaur skeleton (D:4)
  8 orc wizards
  3 worker ants
  2 hound skeletons
  A howler monkey skeleton (D:4)
  9 adders
  2 shadow imps
  An adder skeleton (D:8)
  An adder zombie (D:8)
  A worm (D:4)
  A dart slug (D:1)
  5 leopard geckos
  25 orcs
  7 giant cockroaches
  8 goblins
  15 hobgoblins
  22 jackals
  14 kobolds
  3 quokkas
  10 bats
  3 frilled lizards
  11 rats
202 creatures vanquished.

Vanquished Creatures (others)
  A plant (D:9)
  A withered plant (D:9)
2 creatures vanquished.

Grand Total: 204 creatures vanquished

Notes
Turn   | Place    | Note
-------+----------+-------------------------------------------
     0 | D:1      | Amnesiac the Mummy Hunter began the quest for the Orb.
     0 | D:1      | Reached XP level 1. HP: 16/16 MP: 1/1
     4 | D:1      | Noticed an electric eel
     4 | D:1      | Noticed an electric eel
   231 | D:1      | Reached XP level 2. HP: 18/22 MP: 2/2
   852 | D:1      | You fall through a shaft!
  1036 | D:1      | Reached XP level 3. HP: 28/28 MP: 3/3
  1354 | D:1      | Reached skill level 4 in Bows
  1859 | D:2      | Reached XP level 4. HP: 21/34 MP: 4/4
  2433 | D:3      | Found a shimmering altar of Xom.
  2435 | D:3      | Found a stormy altar of Qazlal.
  2435 | D:3      | Found a blossoming altar of Fedhas.
  2437 | D:3      | Found a sacrificial altar of Ru.
  2437 | D:3      | Found a hide-covered altar of Uskayaw.
  2671 | D:3      | Reached XP level 5. HP: 31/41 MP: 5/5
  2930 | D:4      | Reached skill level 5 in Bows
  3180 | D:4      | Found an opulent altar of Gozag.
  3214 | D:4      | Reached XP level 6. HP: 48/48 MP: 6/6
  3489 | D:4      | Found a blossoming altar of Fedhas.
  3853 | D:4      | Reached skill level 6 in Bows
  3982 | D:5      | Entered Level 5 of the Dungeon
  4061 | D:5      | Reached XP level 7. HP: 49/55 MP: 7/7
  4096 | D:5      | Found Alit's Weapon Shoppe.
  4120 | D:5      | Found Eliucac's Antique Weapon Boutique.
  4548 | D:5      | Noticed Blork the orc
  4557 | D:5      | Killed Blork the orc
  4557 | D:5      | Reached skill level 5 in Fighting
  4619 | D:5      | Found Diryp's Armour Emporium.
  4633 | D:5      | Found a staircase to the Ecumenical Temple.
  4841 | D:5      | Noticed Edmund
  4862 | D:5      | Killed Edmund
  4862 | D:5      | Reached skill level 7 in Bows
  5045 | D:6      | Reached XP level 8. HP: 63/63 MP: 8/8
  5061 | D:6      | Found Cerir's Jewellery Emporium.
  5139 | D:6      | Found an iron altar of Okawaru.
  5213 | D:6      | Became a worshipper of Warmaster Okawaru
  5225 | D:6      | Noticed Sigmund
  5238 | D:6      | Killed Sigmund
  5831 | D:7      | Found a shattered altar of Ashenzari.
  5843 | D:7      | Reached skill level 8 in Bows
  5854 | D:7      | Noticed Duvessa
  5868 | D:7      | Killed Duvessa
  5868 | D:7      | Reached * piety under Okawaru
  5877 | D:7      | Noticed Dowan
  5883 | D:7      | Killed Dowan
  6153 | D:7      | Got a flickering brass ring
  6154 | D:7      | Identified the ring "Nayw Nig" {*Tele MR- Str+2 Dex+6} (You found it on level 7 of the Dungeon)
  6223 | D:7      | Reached XP level 9. HP: 44/71 MP: 6/9
  6688 | D:8      | Reached ** piety under Okawaru
  6688 | D:8      | Reached skill level 9 in Bows
  6853 | D:8      | Found Ferisol's Book Shoppe.
  7536 | D:8      | Found a shadowy altar of Dithmenos.
  7749 | D:9      | Reached *** piety under Okawaru
  7924 | D:9      | Reached skill level 10 in Bows
  7981 | D:9      | Found a basalt altar of Yredelemnul.
  8034 | D:9      | Slain by a yak

Skill      XL: |  1  2  3  4  5  6  7  8  9 |
---------------+----------------------------+-----
Bows           | 4 5 6 7 8 10 | 10.0
Fighting       | 3 4 5 6 8 |  8.2
Dodging        | 2 |  2.5
Stealth        | |  0.7

Action                   |  1- 3 |  4- 6 |  7- 9 || total
-------------------------+-------+-------+-------++-------
Melee: Short sword       |    57 |       |       ||    57
       Dagger            |    99 |   156 |    55 ||   310
 Fire: Shortbow          |    11 |    30 |   417 ||   458
Invok: Heroism           |       |       |     3 ||     3
Evoke: Wand              |       |       |     2 ||     2
  Use: Scroll            |     3 |       |     6 ||     9
 Stab: Sleeping          |     2 |       |       ||     2
Armor: Leather armour    |    46 |       |       ||    46
       Scale mail        |    22 |    54 |    28 ||   104
       Chain mail        |       |       |    78 ||    78
Dodge: Dodged            |    94 |    91 |    77 ||   262
